 Dungeon Crawl Stone Soup version 0.30-a0-652-gcc886f7154 (webtiles) character file.

Game seed: 2870945218965471228

2142 drugrobin the Martial Artist (level 8, -1/62 HPs)
             Began as a Demigod Delver on Jan 18, 2023.
             Slain by an orc warrior
             ... wielding a +0 short sword
              (11 damage)
             ... on level 7 of the Dungeon.
             The game lasted 00:18:49 (8223 turns).

drugrobin the Martial Artist (Demigod Delver)       Turns: 8223, Time: 00:18:49

Health: -1/62      AC:  5    Str: 17    XL:     8   Next: 83%
Magic:  19/19      EV: 12    Int: 12    God:
Gold:   336        SH:  0    Dex: 19    Spells: 6/7 levels left

rFire   . . .      SeeInvis .      - Unarmed
rCold   . . .      Faith    .    (no shield)
rNeg    . . .      Spirit   .    a - +0 leather armour
rPois   .          Reflect  .    G - +0 helmet
rElec   .          Harm     .    (no cloak)
rCorr   .          Rampage  .    n - +0 pair of gloves
Will    .....                    (no boots)
Stlth   +++                      (no amulet)
HPRegen 0.30/turn                C - ring of magical power
MPRegen 0.16/turn                (no ring)

@: no status effects
A: high MP 1, forlorn, divine attributes
a: no special abilities


You were on level 7 of the Dungeon.
You visited 1 branch of the dungeon, and saw 7 of its levels.

You collected 357 gold pieces.
You spent 21 gold pieces at shops.

Inventory:

Hand Weapons
 b - a +1 sling of flaming
 c - a +0 short sword of draining
 d - a +0 war axe of venom
 s - a +0 shortbow
Missiles
 q - 17 boomerangs
 w - 6 atropa-tipped darts
 H - 2 poisoned darts (quivered)
Armour
 a - a +0 leather armour (worn)
 k - a +0 scale mail
 n - a +0 pair of gloves (worn)
 G - a +0 helmet (worn)
Magical Staves
 M - a staff of cold
 N - a staff of death
Jewellery
 C - a ring of magical power (left hand)
 J - a +6 ring of strength
Wands
 f - a wand of digging (3)
 z - a wand of polymorph (2)
Scrolls
 g - 2 scrolls of amnesia {unknown}
 h - 5 scrolls of fog
 i - 3 scrolls of teleportation {unknown}
 o - 3 scrolls of identify {unknown}
 p - a scroll of torment {unknown}
 r - 2 scrolls of blinking {unknown}
 v - 4 scrolls of enchant weapon
 x - 2 scrolls of magic mapping
 y - a scroll of silence {unknown}
 F - a scroll of poison {unknown}
 K - a scroll of brand weapon {unknown}
 L - a scroll of butterflies {unknown}
Potions
 e - 2 potions of haste
 j - 2 potions of flight
 l - a potion of heal wounds {unknown}
 m - a potion of invisibility
 t - 2 potions of curing
 u - 2 potions of lignification {unknown}
 A - a potion of cancellation {unknown}
 B - 2 potions of degeneration {unknown}
 D - a potion of attraction {unknown}
 E - 3 potions of mutation {unknown}
 I - a potion of brilliance {unknown}


   Skills:
 - Level 2.6 Fighting
 - Level 1.7 Dodging
 - Level 4.5 Stealth
 + Level 11.2 Unarmed Combat


You had 6 spell levels left.
You knew the following spells:

 Your Spells              Type           Power      Damage    Failure   Level
a - Summon Small Mammal   Summ           0%         N/A       38%         1

Your spell library contained the following spells:

 Spells                   Type           Power      Damage    Failure   Level
 Freeze                   Ice            0%         1d3       38%         1
 Call Canine Familiar     Summ           0%         N/A       77%         3
 Frozen Ramparts          Ice            0%         1d1       77%         3
 Hailstorm                Conj/Ice       0%         3d3       77%         3
 Portal Projectile        Hex/Tloc       0%         N/A       77%         3
 Summon Guardian Golem    Hex/Summ       0%         N/A       77%         3
 Anguish                  Hex/Necr       0%         N/A       99%         4
 Leda's Liquefaction      Hex/Erth       0%         N/A       99%         4
 Olgreb's Toxic Radiance  Pois           0%         N/A       99%         4
 Petrify                  Tmut/Erth      0%         N/A       99%         4
 Yara's Violent Unravell  Hex/Tmut       0%         3d3       100%        5
 Ozocubu's Refrigeration  Ice            0%         4d7       100%        7
 Ignition                 Fire           0%         3d3       100%        8


Dungeon Overview and Level Annotations

Branches:
Dungeon (7/15)             Temple (0/1) D:6

Shops:
D:1 *   D:6 (


Innate Abilities, Weirdness & Mutations

You have an increased reservoir of magic. (+10% MP)
You shall have no god before yourself.
Your divine heritage dramatically boosts your attributes as you level up.


Message History

You punch the orc warrior!
The orc warrior is severely wounded.
The orc warrior barely misses you.
You closely miss the orc warrior. Your punch misses the orc warrior.
The orc warrior is severely wounded.
You closely miss the orc warrior.
You punch the orc warrior, but do no damage.
The orc warrior is severely wounded.
The orc wizard barely misses you. The orc warrior closely misses you.
You closely miss the orc warrior.
The orc warrior is severely wounded.
The orc wizard points at you and mumbles some strange words.
The puff of flame hits you. The orc warrior barely misses you.
You closely miss the orc warrior.
The orc warrior is severely wounded.
The orc wizard casts a spell.
The orc wizard flickers and vanishes!
Deactivating autopickup; reactivate with Ctrl-A.
The orc warrior hits you with a +0 short sword.
You hit the orc warrior.
The orc warrior is severely wounded.
Something hits you.
The orc warrior hits you with a +0 short sword!
You hit the orc warrior but do no damage.
The orc warrior is severely wounded.
You hit the orc warrior but do no damage.
The orc warrior is severely wounded.
You hear some strange, mumbled words.
A magic dart appears from out of thin air!
The magic dart hits you.
* * * LOW HITPOINT WARNING * * *
The orc warrior hits you with a +0 short sword!
* * * LOW HITPOINT WARNING * * *
Unknown command.
Unknown command.
You barely miss the orc warrior.
The orc warrior is severely wounded.
Something hits you but does no damage.
The orc warrior hits you with a +0 short sword!
You die...

####..o..o>
#..o..o.#
##o#.....#
#.#.....#
#.#.#.#o..
####(#.#.o(..
#...o#.#.#o..
#)####.#.#o..
#.o@...#.# ..
#.{..#.#.#
##.#.#...#
#.#.#.####
#........#
#......#.#.#
#..#.....#.#
#......).#.#####
#..............#


You could see an orc warrior.

Vanquished Creatures
  Sigmund (D:2)
  Edmund (D:4)
  A water moccasin (D:6)
  2 ice beasts (D:6)
  An orc warrior (D:6)
  2 black bears
  2 centaurs
  A necrophage (D:4)
  3 scorpions
  A bullfrog (D:4)
  4 wights (D:6)
  3 orc priests
  A hound (D:6)
  Natasha (thrice) (D:4)
  2 iguanas (D:6)
  8 orc wizards
  3 gnolls
  8 adders
  2 ufetubi
  2 worms
  2 dart slugs
  22 orcs
  3 bats (D:3)
  5 endoplasms
  3 giant cockroaches
  4 goblins
  5 hobgoblins
  2 quokkas
  5 ball pythons
  A frilled lizard (D:3)
  6 kobolds
  3 rats
112 creatures vanquished.

Vanquished Creatures (others)
  An orc wizard (D:5)
  A quokka (D:4)
  4 plants
6 creatures vanquished.

Grand Total: 118 creatures vanquished

Notes
Turn   | Place    | Note
-------+----------+-------------------------------------------
     0 | D:5      | drugrobin the Demigod Delver began the quest for the Orb.
     0 | D:5      | Reached XP level 1. HP: 18/18 MP: 3/3
    80 | D:3      | Reached skill level 2 in Unarmed Combat
   412 | D:2      | Reached XP level 2. HP: 24/25 MP: 4/4
   794 | D:1      | Reached skill level 3 in Unarmed Combat
   957 | D:1      | Found Isoxkuek's Assorted Antiques.
   967 | D:1      | Bought a scroll labelled ECOCZYBEICI for 21 gold pieces
  1441 | D:2      | Noticed Sigmund
  1569 | D:2      | Reached XP level 3. HP: 29/30 MP: 5/5
  1883 | D:3      | Got the Lectures on Charmed Amathomancy
  1957 | D:3      | Found a large runed translucent door.
  1958 | D:3      | Found a large runed translucent door.
  2282 | D:3      | Reached skill level 4 in Unarmed Combat
  2374 | D:3      | Reached XP level 4. HP: 3/37 MP: 6/6
  2930 | D:4      | Noticed Edmund
  3033 | D:4      | Noticed Natasha
  3048 | D:4      | Killed Natasha
  3143 | D:4      | Reached skill level 5 in Unarmed Combat
  3143 | D:4      | Reached XP level 5. HP: 39/42 MP: 7/7
  3188 | D:4      | Learned a level 1 spell: Summon Small Mammal
  3493 | D:5      | Noticed a centaur
  3513 | D:5      | Killed a centaur
  3785 | D:5      | Reached skill level 6 in Unarmed Combat
  3785 | D:5      | Reached XP level 6. HP: 24/50 MP: 8/8
  4034 | D:5      | Reached skill level 7 in Unarmed Combat
  4162 | D:5      | Reached XP level 7. HP: 42/56 MP: 9/9
  4828 | D:4      | Reached skill level 8 in Unarmed Combat
  4934 | D:4      | Noticed Natasha
  4939 | D:4      | Killed Natasha
  4987 | D:4      | Noticed Natasha
  4999 | D:4      | Killed Natasha
  5575 | D:6      | Reached skill level 9 in Unarmed Combat
  5721 | D:6      | Found Yqobef's Antique Weapon Shoppe.
  5773 | D:6      | Found a staircase to the Ecumenical Temple.
  5796 | D:6      | Reached XP level 8. HP: 54/61 MP: 10/10
  6059 | D:6      | Reached skill level 10 in Unarmed Combat
  7139 | D:2      | Killed Sigmund
  7317 | D:4      | Killed Edmund
  7995 | D:7      | Reached skill level 11 in Unarmed Combat
  8223 | D:7      | Slain by an orc warrior

Illustrated notes

Levels and vault maps discovered:
D:1:      sevenhm_arrival_forest_fort_small_5, layout_basic, serial_shops,
          nicolae_shop_overgrown_old_shop, solitary_fountain
D:2:      layout_basic, basic_altar, ebering_ecumenical_altar_mist,
          minmay_ruptured, uniq_sigmund
D:3:      layout_loops_ring, jmf_multi_god_temple2, serial_forest,
          infiniplex_forest_lined_3, infiniplex_forest_lined_ring,
          infiniplex_forest_end_2, infiniplex_forest_clump_large,
          infiniplex_forest_clump_tiny, infiniplex_forest_end_3,
          infiniplex_forest_clump_small, infiniplex_forest_clump_tiny,
          infiniplex_forest_straight_4
D:4:      layout_basic, elyvilon_altar_4, serial_glass, glass_columns_b,
          glass_columns_c, serial_bayou_pond_d, uniq_natasha, uniq_edmund
D:5:      layout_basic, chequers_serial_rivers_marsh
D:6:      layout_layer_cave, overflow_temple_1_default,
          eat_drink_and_be_merry_uskayaw, nicolae_vehumet_altar_sigil,
          minmay_temple_entry_steel_oval, serial_shops, shop
D:7:      layout_basic, marbit_many_paths,
          mainiacjoe_overflow_concentric_impassable, nicolae_ru_path_of_blood

Skill      XL: |  1  2  3  4  5  6  7  8 |
---------------+-------------------------+-----
Unarmed Combat | 2 3 4 5 6 7 9 11 | 11.2
Fighting       | |  2.6
Dodging        | |  1.7
Stealth        | |  4.5

Action                   |  1- 3 |  4- 6 |  7- 9 || total
-------------------------+-------+-------+-------++-------
Melee: Unarmed           |    81 |   137 |   197 ||   415
       Punch             |     3 |     4 |    11 ||    18
       Short sword       |       |     1 |       ||     1
       War axe           |       |     1 |       ||     1
 Fire: Sling             |    66 |    34 |    42 ||   142
Throw: Dart              |       |     9 |     9 ||    18
 Cast: Summon Small Mamm |       |     2 |     1 ||     3
  Use: Scroll            |     1 |       |     1 ||     2
       Potion            |       |       |     3 ||     3
 Stab: Sleeping          |     1 |     1 |     1 ||     3
Armor: Leather armour    |     8 |    23 |    39 ||    70
       Scale mail        |    25 |    18 |       ||    43
Dodge: Dodged            |    54 |    80 |    91 ||   225

Table legend: (Time is in decaauts)
 A = Elapsed time spent in this place.
 B = Non-inter-level travel time spent in this place.
 C = Inter-level travel time spent in this place.
 D = Time resting spent in this place.
 E = Time spent auto-exploring this place.
 F = Levels seen in this place.
 G = Mean time per level.
                   A        B        C        D        E       F      G
               +--------+--------+--------+--------+--------+-----+--------+
         Total |   8218 |   7442 |    776 |   1013 |   4525 |   7 | 1174.0 |
       Dungeon |   8218 |   7442 |    776 |   1013 |   4525 |   7 | 1174.0 |
               +--------+--------+--------+--------+--------+-----+--------+

Top non-repeatable levels by time:
     D:4: 2000 daAuts
     D:5: 1584 daAuts
     D:6: 1357 daAuts
     D:3: 1240 daAuts
     D:2: 944 daAuts
     D:1: 801 daAuts
     D:7: 289 daAuts
